[ PARTIDA AOE2 · #483801653 ]
1v1 RMEtíopes vs Lithuanians
Equipo del jugador · DERR
Equipo rival · VICT
[ ANÁLISIS DE REPETICIÓN · EXTRAÍDO DE LA PARTIDA GRABADA ]
Feudal
10:42
Castillos
23:02
Imperial
—
| APM promedio | 25.6 |
| APM pico | 55 |
| eAPM promedio | 14.8 |
| Aldeanos / militares | 109 / 46 |
Foco
⚔️ 27.7% · 🌾 72.3%
Spearman ×33 · Archer ×10 · Skirmisher ×2 · Mangonel ×1
Feudal
9:39
Castillos
24:46
Imperial
—
| APM promedio | 33.7 |
| APM pico | 90 |
| eAPM promedio | 13.7 |
| Aldeanos / militares | 91 / 82 |
Foco
⚔️ 25.4% · 🌾 74.6%
Knight ×64 · Skirmisher ×9 · Scout Cavalry ×8 · Monk ×1
Mapa de la partida
Recursos iniciales + cada clic de construcción. Líneas = muros · curvas = relieve. ◆ oro · ⬟ piedra · ● bayas · ✦ reliquia · ◌ hueco del cierre
Tu base· ✓ Cerrada en 23:02 · 75t muro · 1 puerta(s)
Base de aerkanc· Abierta — hueco de 6t
Terreno inicial suavizado · ◌ = hueco del cierre detectado · pasá el cursor para detalles
Inputs por minuto
— shi China - - aerkanc
Build order — shi China
Primeras 150 de 267 acciones detectadas
| 0:01 | Crear | Villager (Male) |
| 0:01 | Crear | Villager (Male) |
| 0:03 | Construir | House |
| 0:05 | Construir | House |
| 0:34 | Crear | Villager (Male) |
| 0:34 | Crear | Villager (Male) |
| 0:34 | Crear | Villager (Male) |
| 0:36 | Investigar | Loom |
| 1:09 | Crear | Villager (Male) |
| 1:44 | Crear | Villager (Male) |
| 2:13 | Construir | House |
| 2:18 | Construir | Lumber Camp |
| 2:27 | Crear | Villager (Male) |
| 3:06 | Crear | Villager (Male) |
| 3:07 | Crear | Villager (Male) |
| 3:35 | Crear | Villager (Male) |
| 3:35 | Crear | Villager (Male) |
| 4:26 | Crear | Villager (Male) |
| 4:26 | Crear | Villager (Male) |
| 4:26 | Crear | Villager (Male) |
| 4:57 | Crear | Villager (Male) |
| 4:57 | Crear | Villager (Male) |
| 4:57 | Crear | Villager (Male) |
| 4:58 | Crear | Villager (Male) |
| 4:58 | Crear | Villager (Male) |
| 5:33 | Crear | Villager (Male) |
| 5:33 | Crear | Villager (Male) |
| 6:25 | Construir | Mill |
| 8:19 | Construir | House |
| 8:32 | Investigar | Feudal Age |
| 8:58 | Construir | Barracks |
| 9:52 | Construir | Palisade Gate |
| 10:24 | Construir | Mining Camp |
| 10:42 | Edad | Edad Feudal |
| 11:04 | Construir | Archery Range |
| 11:06 | Crear | Spearman |
| 11:08 | Crear | Spearman |
| 11:20 | Construir | Palisade Wall |
| 11:24 | Construir | Palisade Wall |
| 11:28 | Construir | Palisade Wall |
| 11:37 | Construir | Palisade Wall |
| 11:41 | Construir | Palisade Wall |
| 11:44 | Construir | Palisade Wall |
| 11:47 | Construir | Palisade Wall |
| 12:02 | Construir | House |
| 12:26 | Crear | Spearman |
| 12:26 | Crear | Spearman |
| 12:27 | Crear | Villager (Male) |
| 12:27 | Crear | Villager (Male) |
| 12:50 | Construir | Palisade Wall |
| 12:51 | Construir | Palisade Wall |
| 12:52 | Construir | Palisade Wall |
| 13:02 | Construir | Palisade Wall |
| 13:04 | Construir | Palisade Wall |
| 13:38 | Crear | Villager (Male) |
| 13:38 | Crear | Villager (Male) |
| 13:38 | Crear | Villager (Male) |
| 14:14 | Construir | Palisade Wall |
| 14:16 | Construir | Farm |
| 14:16 | Construir | Farm |
| 14:20 | Construir | Farm |
| 14:20 | Construir | Farm |
| 14:40 | Construir | Farm |
| 14:54 | Construir | House |
| 15:01 | Construir | Farm |
| 15:03 | Crear | Villager (Male) |
| 15:03 | Crear | Villager (Male) |
| 15:09 | Crear | Archer |
| 15:10 | Crear | Archer |
| 15:23 | Crear | Villager (Male) |
| 15:31 | Investigar | Double-Bit Axe |
| 15:41 | Crear | Archer |
| 15:55 | Crear | Villager (Male) |
| 16:13 | Crear | Villager (Male) |
| 16:20 | Construir | Farm |
| 16:26 | Construir | Farm |
| 16:48 | Crear | Villager (Male) |
| 16:58 | Crear | Villager (Male) |
| 16:59 | Crear | Villager (Male) |
| 17:44 | Crear | Villager (Male) |
| 17:49 | Construir | Farm |
| 18:10 | Construir | Blacksmith |
| 18:21 | Crear | Villager (Male) |
| 18:26 | Construir | Farm |
| 19:03 | Crear | Villager (Male) |
| 19:09 | Crear | Spearman |
| 19:10 | Crear | Spearman |
| 19:21 | Construir | House |
| 19:30 | Construir | House |
| 19:32 | Construir | House |
| 19:36 | Crear | Villager (Male) |
| 20:00 | Crear | Villager (Male) |
| 20:02 | Investigar | Castle Age |
| 20:16 | Construir | Market |
| 20:31 | Crear | Villager (Male) |
| 20:34 | Crear | Spearman |
| 20:34 | Crear | Spearman |
| 20:46 | Crear | Archer |
| 20:46 | Crear | Archer |
| 21:10 | Crear | Villager (Male) |
| 21:55 | Construir | House |
| 21:59 | Construir | House |
| 22:12 | Investigar | Scale Mail Armor |
| 23:02 | Edad | Edad de los Castillos |
| 23:08 | Construir | Town Center |
| 23:15 | Crear | Villager (Male) |
| 23:20 | Construir | Farm |
| 23:20 | Construir | Farm |
| 23:20 | Construir | Farm |
| 23:51 | Construir | Farm |
| 24:07 | Crear | Villager (Male) |
| 24:16 | Construir | House |
| 24:23 | Crear | Villager (Male) |
| 24:23 | Crear | Villager (Male) |
| 24:37 | Construir | House |
| 24:38 | Construir | House |
| 25:02 | Construir | Town Center |
| 25:08 | Crear | Villager (Male) |
| 25:23 | Crear | Villager (Male) |
| 25:30 | Construir | Lumber Camp |
| 25:46 | Crear | Villager (Male) |
| 25:46 | Crear | Villager (Male) |
| 25:46 | Crear | Villager (Male) |
| 25:46 | Crear | Villager (Male) |
| 26:03 | Crear | Villager (Male) |
| 26:04 | Crear | Villager (Male) |
| 26:04 | Crear | Villager (Male) |
| 26:08 | Crear | Spearman |
| 26:09 | Crear | Spearman |
| 26:24 | Construir | Siege Workshop |
| 26:28 | Crear | Archer |
| 26:28 | Crear | Archer |
| 26:43 | Crear | Villager (Male) |
| 26:43 | Crear | Villager (Male) |
| 26:44 | Crear | Villager (Male) |
| 26:52 | Construir | Farm |
| 26:53 | Construir | Farm |
| 26:54 | Construir | Farm |
| 26:56 | Construir | Farm |
| 27:20 | Crear | Skirmisher |
| 27:20 | Crear | Skirmisher |
| 27:25 | Crear | Spearman |
| 27:25 | Crear | Spearman |
| 27:34 | Construir | Barracks |
| 27:36 | Crear | Mangonel |
| 27:38 | Crear | Villager (Male) |
| 27:38 | Crear | Villager (Male) |
| 27:38 | Crear | Villager (Male) |
| 27:38 | Crear | Villager (Male) |
| 27:39 | Crear | Villager (Male) |
Build order — aerkanc
Primeras 150 de 226 acciones detectadas
| 0:00 | Crear | Villager (Male) |
| 0:01 | Crear | Villager (Male) |
| 0:01 | Crear | Villager (Male) |
| 0:01 | Crear | Villager (Male) |
| 0:01 | Crear | Villager (Male) |
| 0:02 | Crear | Villager (Male) |
| 0:02 | Crear | Villager (Male) |
| 0:03 | Construir | House |
| 0:05 | Construir | House |
| 1:33 | Crear | Villager (Male) |
| 1:34 | Crear | Villager (Male) |
| 1:34 | Crear | Villager (Male) |
| 1:51 | Crear | Villager (Male) |
| 1:52 | Crear | Villager (Male) |
| 1:52 | Crear | Villager (Male) |
| 2:43 | Construir | Lumber Camp |
| 2:45 | Crear | Villager (Male) |
| 2:45 | Crear | Villager (Male) |
| 2:45 | Crear | Villager (Male) |
| 2:54 | Crear | Villager (Male) |
| 2:54 | Crear | Villager (Male) |
| 2:54 | Crear | Villager (Male) |
| 3:46 | Crear | Villager (Male) |
| 3:46 | Crear | Villager (Male) |
| 3:46 | Crear | Villager (Male) |
| 3:50 | Construir | House |
| 4:16 | Crear | Villager (Male) |
| 4:16 | Crear | Villager (Male) |
| 4:16 | Crear | Villager (Male) |
| 5:49 | Crear | Villager (Male) |
| 5:49 | Crear | Villager (Male) |
| 5:50 | Crear | Villager (Male) |
| 5:53 | Construir | Mill |
| 5:58 | Crear | Villager (Male) |
| 7:23 | Investigar | Feudal Age |
| 7:23 | Investigar | Loom |
| 7:34 | Construir | Barracks |
| 7:36 | Construir | House |
| 7:37 | Construir | House |
| 8:07 | Crear | Villager (Male) |
| 8:17 | Construir | Palisade Wall |
| 9:39 | Edad | Edad Feudal |
| 9:47 | Construir | Stable |
| 9:49 | Construir | Stable |
| 10:08 | Construir | Palisade Wall |
| 10:18 | Construir | Palisade Wall |
| 10:22 | Construir | Palisade Gate |
| 10:24 | Crear | Scout Cavalry |
| 10:24 | Crear | Scout Cavalry |
| 10:24 | Crear | Scout Cavalry |
| 10:24 | Crear | Scout Cavalry |
| 11:00 | Crear | Scout Cavalry |
| 11:00 | Crear | Scout Cavalry |
| 11:00 | Crear | Scout Cavalry |
| 11:11 | Construir | Farm |
| 11:13 | Construir | Farm |
| 11:15 | Construir | Farm |
| 11:18 | Crear | Villager (Male) |
| 11:18 | Crear | Villager (Male) |
| 11:40 | Construir | Palisade Wall |
| 11:45 | Construir | House |
| 11:49 | Crear | Villager (Male) |
| 11:49 | Crear | Villager (Male) |
| 12:07 | Crear | Villager (Male) |
| 12:07 | Crear | Villager (Male) |
| 12:47 | Crear | Villager (Male) |
| 12:47 | Crear | Villager (Male) |
| 12:47 | Crear | Villager (Male) |
| 13:48 | Crear | Villager (Male) |
| 13:48 | Crear | Villager (Male) |
| 13:48 | Crear | Villager (Male) |
| 13:53 | Construir | Farm |
| 13:55 | Construir | Farm |
| 14:03 | Construir | Archery Range |
| 14:06 | Construir | Farm |
| 14:09 | Crear | Villager (Male) |
| 14:09 | Crear | Villager (Male) |
| 14:14 | Construir | House |
| 14:17 | Construir | Farm |
| 14:23 | Crear | Villager (Male) |
| 14:24 | Crear | Villager (Male) |
| 14:53 | Construir | House |
| 15:01 | Construir | Mill |
| 15:10 | Construir | House |
| 15:21 | Construir | Palisade Gate |
| 15:24 | Crear | Villager (Male) |
| 15:24 | Crear | Villager (Male) |
| 15:25 | Crear | Villager (Male) |
| 15:46 | Construir | House |
| 15:50 | Crear | Skirmisher ×4 |
| 16:01 | Crear | Villager (Male) |
| 16:02 | Crear | Villager (Male) |
| 16:24 | Investigar | Double-Bit Axe |
| 16:53 | Construir | Blacksmith |
| 17:04 | Construir | House |
| 17:10 | Construir | House |
| 17:12 | Construir | House |
| 17:14 | Construir | House |
| 17:17 | Construir | Palisade Wall |
| 17:47 | Construir | House |
| 18:05 | Crear | Villager (Male) |
| 18:05 | Crear | Villager (Male) |
| 18:28 | Construir | Farm |
| 18:31 | Construir | Farm |
| 18:34 | Construir | Farm |
| 18:39 | Construir | Farm |
| 18:55 | Crear | Villager (Male) |
| 19:04 | Construir | Market |
| 19:08 | Crear | Villager (Male) |
| 19:08 | Crear | Villager (Male) |
| 19:19 | Construir | Mining Camp |
| 19:26 | Crear | Villager (Male) |
| 19:26 | Crear | Villager (Male) |
| 20:02 | Crear | Villager (Male) |
| 20:26 | Construir | Palisade Wall |
| 20:32 | Construir | House |
| 20:34 | Construir | Palisade Wall |
| 20:50 | Investigar | Fletching |
| 20:50 | Investigar | Padded Archer Armor |
| 20:52 | Crear | Villager (Male) |
| 20:52 | Crear | Villager (Male) |
| 22:06 | Investigar | Castle Age |
| 22:30 | Construir | Farm |
| 22:33 | Construir | Farm |
| 22:47 | Investigar | Scale Barding Armor |
| 23:03 | Construir | Lumber Camp |
| 23:16 | Crear | Scout Cavalry |
| 23:59 | Construir | Farm |
| 24:14 | Construir | Stable |
| 24:46 | Edad | Edad de los Castillos |
| 24:48 | Investigar | Husbandry |
| 24:49 | Crear | Knight ×4 |
| 25:16 | Crear | Knight |
| 25:16 | Crear | Knight |
| 25:16 | Crear | Knight |
| 25:25 | Construir | Town Center |
| 25:38 | Crear | Knight ×2 |
| 25:38 | Crear | Knight ×2 |
| 25:38 | Crear | Knight ×2 |
| 25:39 | Crear | Knight ×2 |
| 25:50 | Crear | Villager (Male) |
| 25:50 | Crear | Villager (Male) |
| 26:22 | Investigar | Elite Skirmisher (upgrade) |
| 26:26 | Crear | Skirmisher ×5 |
| 27:24 | Crear | Knight ×5 |
| 27:24 | Crear | Knight ×5 |
| 27:24 | Crear | Knight ×5 |
| 27:24 | Crear | Knight |
| 27:31 | Crear | Villager (Male) |
| 27:31 | Crear | Villager (Male) |
Cronología de la partida
| 7:34 | aerkanc · first_building Barracks |
| 8:17 | aerkanc · wall_segment Palisade Wall x1 |
| 8:58 | shi China · first_building Barracks |
| 9:39 | aerkanc · age_up feudal |
| 9:47 | aerkanc · first_building Stable |
| 10:08 | aerkanc · wall_segment Palisade Wall x3 |
| 10:18 | aerkanc · wall_segment Palisade Wall x4 |
| 10:42 | shi China · age_up feudal |
| 11:04 | shi China · first_building Archery Range |
| 11:20 | shi China · wall_segment Palisade Wall x8 |
| 11:24 | shi China · wall_segment Palisade Wall x15 |
| 11:28 | shi China · wall_segment Palisade Wall x11 |
| 11:37 | shi China · wall_segment Palisade Wall x2 |
| 11:40 | aerkanc · wall_segment Palisade Wall x16 |
| 11:41 | shi China · wall_segment Palisade Wall x2 |
| 11:44 | shi China · wall_segment Palisade Wall x20 |
| 11:47 | shi China · wall_segment Palisade Wall x11 |
| 12:50 | shi China · wall_segment Palisade Wall x1 |
| 12:51 | shi China · wall_segment Palisade Wall x1 |
| 12:52 | shi China · wall_segment Palisade Wall x1 |
| 13:02 | shi China · wall_segment Palisade Wall x1 |
| 13:04 | shi China · wall_segment Palisade Wall x1 |
| 14:03 | aerkanc · first_building Archery Range |
| 14:14 | shi China · wall_segment Palisade Wall x1 |
| 17:17 | aerkanc · wall_segment Palisade Wall x1 |
| 20:26 | aerkanc · wall_segment Palisade Wall x6 |
| 20:34 | aerkanc · wall_segment Palisade Wall x1 |
| 23:02 | shi China · age_up castle |
| 24:46 | aerkanc · age_up castle |
| 24:55 | shi China · first_market_buy 100 wood |
| 26:24 | shi China · first_building Siege Workshop |
| 28:33 | shi China · wall_segment Palisade Wall x1 |
| 30:17 | aerkanc · first_building Monastery |
| 31:08 | shi China · wall_segment Palisade Wall x1 |
| 34:35 | shi China · first_building Stable |
| 37:20 | shi China · first_market_sell 100 food |
| 37:38 | aerkanc · first_building Castle |
| 37:48 | shi China · resign |
[ ANÁLISIS IA · 1 CRÉDITO ]
¿Qué pasó realmente en esta partida?
Wolo.gg analiza cada decisión: build order, eco, micro, errores típicos por bracket. Análisis personalizado por WhatsApp o Discord en 30 segundos.
Guía civ
Etíopes
Guía mapa
Arabia
Perfil
shi China